 Dungeon Crawl Stone Soup version 0.30-a0-930-gb9d0489357 (webtiles) character file.

Game seed: 4814736520655113975

21167 Pooter the Cleaver (level 12, -9/165 HPs)
             Began as a Minotaur Berserker on Mar 23, 2023.
             Was a Priest of Trog.
             Mangled by a death scarab (22 damage)
             ... in a Gauntlet.
             The game lasted 01:00:51 (13246 turns).

Pooter the Cleaver (Minotaur Berserker)            Turns: 13246, Time: 01:00:51

Health: -9/165     AC: 11    Str: 24    XL:     12   Next: 51%
Magic:  0/11       EV: 11    Int:  4    God:    Trog [***...]
Gold:   834        SH:  0    Dex: 17    Spells: 11/11 levels left

rFire   . . .      SeeInvis .    z - +4 dagger (holy)
rCold   + . .      Faith    .    (no shield)
rNeg    + . .      Spirit   +    H - +5 scale mail of Noughts and Crosses {rC+ rN+ Dex+4}
rPois   +          Reflect  .    E - +0 hat
rElec   .          Rampage  .    (no cloak)
rCorr   +          NoTele   +    (no gloves)
Will    .....                    (no boots) Stlth
                                 G - amulet of guardian spirit
HPRegen 0.47/turn                C - ring of resist corrosion
MPRegen 0.12/turn                P - ring of poison resistance

@: berserking, slowed
A: horns 2, retaliatory headbutt
a: Renounce Religion, Berserk, Trog's Hand


You were in a Gauntlet.
You worshipped Trog.
Trog was most pleased with you.
You visited 2 branches of the dungeon, and saw 12 of its levels.
You also visited: Bailey and Gauntlet.

You collected 834 gold pieces.

Inventory:

Hand Weapons
 a - a +5 battleaxe
   (You took it off a wight on level 8 of the Dungeon)
 b - a +0 shortbow of electrocution
   (You took it off a centaur on level 6 of the Dungeon)
 g - a +5 trident
   (You took it off a wight on level 9 of the Dungeon)
 j - a +2 scimitar of flaming
   (You took it off Erica on level 8 of the Dungeon)
 z - a +4 dagger of holy wrath (weapon)
   (You took it off a kobold on level 6 of the Dungeon)
 F - a +1 battleaxe of venom
   (You took it off a wight on level 6 of the Dungeon)
Missiles
 e - 9 curare-tipped darts
 h - 12 atropa-tipped darts
 k - 44 poisoned darts
 n - 2 throwing nets {!f}
 v - 23 boomerangs (quivered)
 w - 5 javelins
 B - 3 datura-tipped darts
 Q - 136 stones
Armour
 A - a +1 plate armour
   (You took it off an orc warrior on level 6 of the Dungeon)
 E - a +0 hat (worn)
   (You took it off Gastronok on level 8 of the Dungeon)
 H - the +5 scale mail of Noughts and Crosses (worn) {rC+ rN+ Dex+4}
   (You found it on level 7 of the Dungeon)

   Dex:       It affects your dexterity (+4).
   rC:        It protects you from cold.
   rN:        It protects you from negative energy.
Jewellery
 C - a ring of resist corrosion (left hand)
   (You found it on level 1 of the Dungeon)
 G - an amulet of guardian spirit (around neck)
   (You took it off an orc on level 9 of the Dungeon)
 P - a ring of poison resistance (right hand)
   (You found it on level 5 of the Dungeon)
Wands
 o - a wand of roots (8)
   (You found it on level 3 of the Dungeon)
 s - a wand of mindburst (9)
   (You found it on level 8 of the Dungeon)
 u - a wand of paralysis (6)
   (You found it on level 1 of the Lair of Beasts)
 x - a wand of acid (6)
   (You found it on level 4 of the Dungeon)
 D - a wand of digging (10)
   (You found it on level 9 of the Dungeon)
Scrolls
 t - 2 scrolls of teleportation {@r4}
 J - a scroll of immolation {!r}
 L - 2 scrolls of magic mapping
Potions
 c - 4 potions of curing {@q1}
 d - 6 potions of might
 f - 3 potions of attraction {!q}
 i - a potion of mutation {unknown}
 l - 5 potions of ambrosia
 m - a potion of heal wounds {unknown}
 p - 2 potions of lignification {!q}
 q - a potion of haste {unknown}
 r - a potion of invisibility {unknown}
 y - a potion of flight {unknown}
 M - a potion of resistance {unknown}
Miscellaneous
 I - a piece from Xom's chessboard (15/15)
   (You found it on level 10 of the Dungeon)
 K - a phantom mirror
   (You found it in a bailey)


   Skills:
 + Level 11.1 Fighting
 * Level 14.9 Axes
 * Level 12.4 Ranged Weapons
 + Level 8.7 Throwing
 - Level 2.4 Armour
 - Level 2.1 Dodging
 + Level 3.2 Evocations


You had 11 spell levels left.
You didn't know any spells.
Your spell library was empty.

Dungeon Overview and Level Annotations

Branches:
Dungeon (10/15)            Temple (0/1) D:4            Lair (2/5) D:10
    Orc (0/2) D:9          Bailey (visited)         Gauntlet (1/1)
  Swamp: Lair:2-3    Shoals: Lair:2-3     Snake: Lair:2-3    Spider: Lair:2-3

Altars:
Ashenzari
Cheibriados
Dithmenos
Fedhas
Gozag
Kikubaaqudgha
Qazlal
Ru
Sif Muna
Trog
Uskayaw
Vehumet
Wu Jian
Yredelemnul

Annotations:
Gauntlet 4 transporters


Innate Abilities, Weirdness & Mutations

You have a pair of horns on your head.
You reflexively headbutt those who attack you in melee.


Message History

The spectral eight-headed hydra bites you but does no damage. x3
The spectral eight-headed hydra bites you!
* * * LOW HITPOINT WARNING * * *
You partially resist.
You feel drained.
* * * LOW HITPOINT WARNING * * *
The spectral eight-headed hydra closely misses you.
The spectral eight-headed hydra barely misses you.
You hit the spectral eight-headed hydra.
You headbutt the spectral eight-headed hydra.
You feel the power of Trog in you as your rage grows.
You destroy the spectral eight-headed hydra!
Trog accepts your kill.
You slash the death scarab! You hit the death scarab.
The death scarab bites you but does no damage.
The death scarab misses you. You furiously retaliate!
You headbutt the death scarab! The death scarab barely misses you. x2
You furiously retaliate!
You headbutt the death scarab!
You destroy the death scarab!
Trog accepts your kill. The death scarab barely misses you.
Your life force feels restored.
Your +4 dagger of holy wrath softly glows with a divine radiance!
z - a +4 dagger of holy wrath (weapon)
The death scarab bites you.
* * * LOW HITPOINT WARNING * * *
The death scarab drains your vigour!
You feel as though you will be slow longer.
The death scarab bites you!!
* * * LOW MAGIC WARNING * * *
* * * LOW HITPOINT WARNING * * *
The death scarab drains your vigour!
You feel as though you will be slow longer.
The death scarab draws strength from your injuries!
You hit the death scarab.
The death scarab convulses.
The death scarab bites you!!
* * * LOW MAGIC WARNING * * *
* * * LOW HITPOINT WARNING * * *
The death scarab draws strength from your injuries!
The death scarab bites you.
* * * LOW HITPOINT WARNING * * *
The death scarab drains your vigour!
You feel as though you will be slow longer.
You miss the death scarab. The death scarab bites you!!
* * * LOW MAGIC WARNING * * *
* * * LOW HITPOINT WARNING * * *
The death scarab draws strength from your injuries!
You puncture the death scarab!
The death scarab convulses.
The death scarab barely misses you. You furiously retaliate!
You headbutt the death scarab. The death scarab bites you!!
You die...

##
##≈###≈###≈###≈###≈###≈
≈ ≈≈≈#≈≈≈#≈≈≈#≈≈≈#≈≈≈#≈≈
.. .....................
... ########...#########
.8.# ..##.##.8.#.......#
...#(##..#.#...#.......#
####.#†#B#.#######†#####
#.@#.##©.©#©.†...©#
...#..#.##Z#...###'^##.#
...#? ##..##...#).#.##.#
8©8# #..##.#8©8#..#....#
### ###################
.. ....................
≈ ≈#≈≈≈#...8⌠8..8∩8..8
≈###≈###.............
##############


You could see a death scarab.

Vanquished Creatures
  Gastronok (D:8)
  Erolcha (D:8)
  2 two-headed ogres (D:8)
  Erica (D:8)
  A tengu warrior (Gauntlet)
  A death scarab (Gauntlet)
  A spectral hydra (Gauntlet)
  A moth of wrath (Gauntlet)
  A black mamba (Lair:1)
  6 cane toads (Lair:1)
  3 rime drakes
  4 komodo dragons
  A tengu conjurer (Gauntlet)
  3 hornets
  The ghost of voltaire321 the Sneak, an amateur OpEE (D:4)
  5 blink frogs (Lair:1)
  A shadow (D:8)
  Sigmund (D:2)
  18 yaks
  4 wyverns
  5 wraiths
  3 water moccasins
  An acid dragon (D:9)
  8 orc warriors
  2 ice beasts
  2 black bears
  6 wolves
  3 centaurs
  9 kobold brigands
  5 bullfrogs
  2 gnoll sergeants
  2 scorpions (D:6)
  12 wights
  9 killer bees
  3 howler monkeys
  2 jellies
  3 hounds
  3 gnoll boudas
  6 orc priests
  8 orc wizards
  6 iguanas
  19 gnolls
  6 adders
  A white imp (D:7)
  An ufetubus (D:6)
  3 worms
  5 dart slugs
  34 orcs
  6 endoplasms
  3 giant cockroaches
  10 goblins
  11 hobgoblins
  7 jackals
  28 kobolds
  2 quokkas (D:1)
  9 ball pythons
  2 bats
  4 frilled lizards
  10 rats
318 creatures vanquished.

Vanquished Creatures (collateral kills)
  2 wolves (Lair:1)
2 creatures vanquished.

Vanquished Creatures (others)
  5 plants
  5 toadstools (D:1)
10 creatures vanquished.

Grand Total: 330 creatures vanquished

Notes
Turn   | Place    | Note
-------+----------+-------------------------------------------
     0 | D:1      | Pooter the Minotaur Berserker began the quest for the Orb.
     0 | D:1      | Reached XP level 1. HP: 19/19 MP: 0/0
    82 | D:1      | Reached skill level 4 in Axes
    84 | D:1      | Reached XP level 2. HP: 22/27 MP: 1/1
   482 | D:1      | Reached skill level 1 in Throwing
   514 | D:1      | Reached XP level 3. HP: 18/33 MP: 2/2
   646 | D:2      | Reached ** piety under Trog
   719 | D:2      | Noticed Sigmund
   727 | D:2      | Killed Sigmund
   728 | D:2      | Reached skill level 6 in Axes
   728 | D:2      | Reached XP level 4. HP: 41/41 MP: 3/3
   728 | D:2      | Reached XP level 5. HP: 47/47 MP: 4/4
   843 | D:2      | Reached skill level 5 in Fighting
   996 | D:2      | Found a faded altar of an unknown god.
  1245 | D:3      | Noticed an ice beast
  1254 | D:3      | Killed an ice beast
  1255 | D:3      | Reached XP level 6. HP: 40/56 MP: 5/5
  1817 | D:4      | Found a shadowy altar of Dithmenos.
  1897 | D:4      | Reached skill level 1 in Ranged Weapons
  2070 | D:4      | Found an ancient bone altar of Kikubaaqudgha.
  2073 | D:4      | Found a blossoming altar of Fedhas.
  2148 | D:4      | Noticed voltaire321's ghost (amateur OpEE)
  2150 | D:4      | Reached skill level 7 in Axes
  2151 | D:4      | Reached *** piety under Trog
  2176 | D:4      | Found a transporter.
  2232 | D:4      | Reached XP level 7. HP: 57/61 MP: 6/6
  2266 | D:4      | Found a sacrificial altar of Ru.
  2306 | D:4      | Found a broken altar of Ashenzari.
  2315 | D:4      | Found a shimmering blue altar of Sif Muna.
  2325 | D:4      | Found a transporter.
  2351 | D:4      | Found a staircase to the Ecumenical Temple.
  2692 | D:4      | Killed voltaire321's ghost
  2856 | D:5      | Entered Level 5 of the Dungeon
  3104 | D:5      | Reached skill level 8 in Axes
  3174 | D:5      | Reached XP level 8. HP: 70/70 MP: 7/7
  3229 | D:5      | Found a snail-covered altar of Cheibriados.
  4033 | D:6      | Found a bloodstained altar of Trog.
  4081 | D:6      | Reached skill level 5 in Ranged Weapons
  4164 | D:6      | Reached skill level 9 in Axes
  4367 | D:6      | Found an opulent altar of Gozag.
  4367 | D:6      | Found a hide-covered altar of Uskayaw.
  4372 | D:6      | Reached XP level 9. HP: 79/79 MP: 8/8
  4431 | D:6      | Reached skill level 5 in Throwing
  4439 | D:6      | Reached skill level 10 in Axes
  4676 | D:6      | Found a stormy altar of Qazlal.
  5296 | D:7      | Found an ornate altar of the Wu Jian Council.
  5337 | D:7      | Identified the +5 scale mail of Noughts and Crosses {rC+
                  | rN+ Dex+4}
  5406 | D:7      | Found a radiant altar of Vehumet.
  6163 | D:8      | Reached **** piety under Trog
  6164 | D:8      | Found a flagged portal.
  6215 | D:8      | Reached skill level 11 in Axes
  6325 | Bailey   | Entered a bailey
  6350 | Bailey   | Reached XP level 10. HP: 88/88 MP: 9/9
  6669 | Bailey   | Found an iron altar of Okawaru.
  6762 | D:8      | Noticed a two-headed ogre
  6769 | D:8      | Killed a two-headed ogre
  6955 | D:8      | Noticed Gastronok
  6986 | D:8      | Killed Gastronok
  6987 | D:8      | Reached skill level 12 in Axes
  7171 | D:9      | Noticed Erica
  7483 | D:8      | Killed Erica
  7577 | D:9      | Noticed a two-headed ogre
  7577 | D:9      | Noticed Erolcha
  7590 | D:9      | HP: 3/91 [Erolcha/+0 giant club (17)]
  7864 | D:9      | Reached skill level 10 in Ranged Weapons
  7864 | D:9      | Reached XP level 11. HP: 71/97 MP: 10/10
  8172 | D:8      | Reached skill level 13 in Axes
  8620 | D:9      | Found a staircase to the Orcish Mines.
  9831 | D:8      | Killed a two-headed ogre
  9839 | D:8      | Killed Erolcha
  9840 | D:8      | Reached skill level 10 in Fighting
 10076 | D:10     | Entered Level 10 of the Dungeon
 10235 | D:10     | Found a staircase to the Lair.
 10349 | D:10     | Found a basalt altar of Yredelemnul.
 10831 | Lair:1   | Entered Level 1 of the Lair of Beasts
 10941 | Lair:1   | Reached skill level 1 in Evocations
 11085 | Lair:1   | Reached skill level 14 in Axes
 11641 | Lair:1   | Reached XP level 12. HP: 58/107 MP: 7/11
 12844 | Lair:2   | Found a gate leading to a gauntlet.
 12860 | Gauntlet | Entered a Gauntlet
 12860 | Gauntlet | Found a transporter.
 12863 | Gauntlet | Found a transporter.
 13035 | Gauntlet | Found a transporter.
 13035 | Gauntlet | Found a transporter.
 13040 | Gauntlet | Noticed a tengu warrior
 13043 | Gauntlet | Found a transporter.
 13048 | Gauntlet | Killed a tengu warrior
 13095 | Gauntlet | Found a transporter.
 13095 | Gauntlet | Found a transporter.
 13100 | Gauntlet | Identified the staff of conjuration "Ycrufuc" {Dex+4}
 13103 | Gauntlet | Found a runed translucent gate.
 13103 | Gauntlet | Found a runed translucent gate.
 13103 | Gauntlet | Found a runed translucent gate.
 13105 | Gauntlet | Found a transporter.
 13107 | Gauntlet | Found a transporter.
 13108 | Gauntlet | Found a transporter.
 13232 | Gauntlet | Noticed a death scarab
 13236 | Gauntlet | Noticed a death scarab
 13237 | Gauntlet | Found a transporter.
 13242 | Gauntlet | Killed a death scarab
 13246 | Gauntlet | Mangled by a death scarab

Illustrated notes

Levels and vault maps discovered:
D:1:      ldierk_walled_garden, layout_basic
D:2:      layout_rooms, nicolae_ecumenical_snake_handling, uniq_sigmund
D:3:      layout_loops_ring
D:4:      layout_loops_ring, grunt_temple_overflow_growth_and_decay,
          nicolae_ru_the_path_less_chosen, mainiacjoe_overflow_swirl,
          nicolae_dithmenos_the_darkroom, minmay_temple_entry_statues_fountains,
          gammafunk_ghost_arena, hangedman_decor_points
D:5:      layout_loops_cross, kennysheep_slug_shrine
D:6:      layout_cave_pools, nicolae_qazlal_style_of_elements,
          grunt_gozag_statues, lemuel_tele_altar, overflow_temple_1_default,
          minmay_chambers_of_fives
D:7:      layout_basic, vehumet_crystals, mainiacjoe_overflow_alcove_4
D:8:      layout_rooms, enter_bailey_5, uniq_gastronok
D:9:      layout_cross, minmay_orc_entry_temple_small, hex_large,
          feat_on_display, uniq_erolcha, uniq_erica
D:10:     layout_long_grid, kennysheep_little_box, lair_entry_dummy
Lair:1:   layout_cave_pods
Lair:2:   layout_hall_layers, minmay_snake_entry_spellcaster,
          gauntlet_entry_generic, gammafunk_ghost_necromancy, lemuel_fruit_tree,
          grunt_megastairs_2, infiniplex_staircase_pool_2
Gauntlet: gammafunk_gauntlet_77_escape_option
          [minmay_gauntlet_arena_77_broken_ladder,
          minmay_gauntlet_arena_77_museum, minmay_gauntlet_arena_77_run_for_it,
          minmay_gauntlet_arena_77_mess, minmay_gauntlet_arena_77_box,
          dreamdust_gauntlet_exit_labyrinth]

Skill      XL: |  1  2  3  4  5  6  7  8  9 10 11 12 |
---------------+-------------------------------------+-----
Axes           | 4 6 7 8 9 11 12 14 | 14.9
Fighting       | 4 5 6 7 8 9 10 11 | 11.1
Throwing       | 1 2 3 4 6 7 8 |  8.7
Ranged Weapons | 2 3 6 8 10 11 12 | 12.4
Evocations     | 1 3 |  3.2
Armour         | |  2.4
Dodging        | |  2.1

Action                     |  1- 3 |  4- 6 |  7- 9 | 10-12 || total
---------------------------+-------+-------+-------+-------++-------
  Melee: Hand axe          |    44 |       |       |       ||    44
         Headbutt          |    12 |     7 |    31 |    53 ||   103
         Punch             |     1 |     2 |     1 |       ||     4
         Flail             |    19 |    98 |    91 |       ||   208
         Battleaxe         |       |       |    89 |   230 ||   319
         Dagger            |       |       |     4 |     3 ||     7
   Fire: Shortbow          |       |    44 |    83 |   161 ||   288
  Throw: Stone             |    21 |       |       |       ||    21
         Dart              |       |       |     3 |     4 ||     7
         Boomerang         |       |       |       |    13 ||    13
 Invoke: Berserk           |     1 |     1 |    11 |     8 ||    21
         Trog's Hand       |       |     1 |     9 |    15 ||    25
  Evoke: Wand              |       |       |     3 |     3 ||     6
    Use: Scroll            |     2 |     5 |    10 |     8 ||    25
         Potion            |       |       |       |     2 ||     2
 Armour: Animal skin       |     4 |       |       |       ||     4
         Scale mail        |    10 |    47 |    23 |    93 ||   173
         Chain mail        |       |       |    60 |       ||    60
         Plate armour      |       |       |    36 |       ||    36
  Dodge: Dodged            |    53 |    62 |   122 |   168 ||   405

Table legend: (Time is in decaauts)
 A = Elapsed time spent in this place.
 B = Non-inter-level travel time spent in this place.
 C = Inter-level travel time spent in this place.
 D = Time resting spent in this place.
 E = Time spent auto-exploring this place.
 F = Levels seen in this place.
 G = Mean time per level.
                   A        B        C        D        E       F      G
               +--------+--------+--------+--------+--------+-----+--------+
         Total |  13558 |  13278 |    280 |   4269 |   6624 |  14 |  968.4 |
       Dungeon |  10737 |  10483 |    254 |   3281 |   5313 |  10 | 1073.7 |
          Lair |   2021 |   1995 |     26 |    452 |   1291 |   2 | 1010.5 |
        Bailey |    395 |    395 |      0 |    207 |     20 |   1 |  395.0 |
      Gauntlet |    403 |    403 |      0 |    329 |      0 |   1 |  403.0 |
               +--------+--------+--------+--------+--------+-----+--------+

Top non-repeatable levels by time:
     D:8: 2670 daAuts
  Lair:1: 1853 daAuts
     D:9: 1236 daAuts
     D:5: 1145 daAuts
     D:4: 1085 daAuts
     D:6: 1009 daAuts
     D:7: 989 daAuts
    D:10: 752 daAuts
     D:3: 678 daAuts
     D:1: 632 daAuts
     D:2: 536 daAuts
Gauntlet: 403 daAuts
  Bailey: 395 daAuts
  Lair:2: 168 daAuts
